 Dungeon Crawl Stone Soup version 0.18.1-48-g4cf74bf (webtiles) character file.

270 dearth the Chopper (level 6, 0/55 HPs)
             Began as a Hill Orc Fighter on Aug 5, 2016.
             Was an Initiate of Okawaru.
             Slain by an ogre
             ... wielding a cursed +0 giant spiked club
              (32 damage)
             ... on level 4 of the Dungeon.
             The game lasted 00:06:52 (2789 turns).

dearth the Chopper (Hill Orc Fighter)               Turns: 2789, Time: 00:06:53

Health: 0/55       AC:  7    Str: 24    XL:     6   Next: 22%
Magic:  6/6        EV:  7    Int:  8    God:    Okawaru [......]
Gold:   122        SH: 10    Dex: 10    Spells: 0 memorised, 5 levels left

rFire  . . .     SeeInvis .     a - +0 war axe
rCold  . . .     Gourm    .     b - +0 scale mail
rNeg   . . .     Faith    .     c - +0 shield
rPois  .         Spirit   .     (no helmet)
rElec  .         Dismiss  .     (no cloak)
rCorr  .         Reflect  .     (no gloves)
SustAt .         Harm     .     (no boots)
MR     .....     Rnd*Tele +     (no amulet)
Stlth  ..........               n - ring of teleportation (curse)
                                r - +3 ring of strength

@: not resistant to hostile enchantments, extremely unstealthy
A: no striking features
a: Renounce Religion


You were on level 4 of the Dungeon.
You worshipped Okawaru.
Okawaru was noncommittal.
You were hungry.

You visited 1 branch of the dungeon, and saw 4 of its levels.

You collected 122 gold pieces.

Inventory:

Hand Weapons
 a - a +0 war axe (weapon)
Armour
 b - a +0 scale mail (worn)
 c - a +0 shield (worn)
Jewellery
 k - an uncursed ring of flight
 n - a cursed ring of teleportation (right hand)
 r - a +3 ring of strength (left hand)
Wands
 q - a wand of confusion (48/48)
Scrolls
 e - a scroll of identify
 i - 2 scrolls of blinking
 j - 2 scrolls of recharging
 t - a scroll of remove curse {unknown}
Potions
 d - 2 potions of might
 l - 2 potions of cure mutation
 m - 2 potions of degeneration {unknown}
 o - a potion of magic {unknown}
Comestibles
 f - 2 bread rations
 g - 3 slices of pizza
 h - a royal jelly
 p - a beef jerky
 s - a meat ration
 u - 2 fruits


   Skills:
 + Level 4.8 Fighting
 * Level 5.4 Axes
 + Level 4.3 Armour
 + Level 4.4 Shields
 + Level 1.0 Invocations
 + Level 0.4 Evocations


You had 5 spell levels left.
You didn't know any spells.

Dungeon Overview and Level Annotations

Branches:
Dungeon (4/15)
 Temple: D:4-7

Altars:
Dithmenos
Fedhas
Kikubaaqudgha
Makhleb
Nemelex Xobeh
Okawaru
Trog
The Shining One

Shops:
D:4 (


Message History

You slash the hound skeleton!
You destroy the hound skeleton!
Okawaru accepts your kill.
You slash the ogre!
The ogre is heavily wounded.
You block the ogre's attack.
You hit the ogre.
The ogre is heavily wounded.
The ogre hits you with a giant spiked club!
You hit the ogre.
The ogre is severely wounded.
The ogre hits you but does no damage.
You slash the ogre!
The ogre is almost dead.
The ogre hits you with a giant spiked club.
You barely miss the ogre.
The ogre is almost dead.
The ogre hits you with a giant spiked club!!
Ouch! That really hurt!
You die...

#.# #........# #.#
###.###.## #.# #.#
#..# #.# #.# ####
#.# #.###### #.#
#......# #.#
########
#.##################
#.............@....+
###############O####
... ..... .....#
.....# .....# .....#


You could see an ogre.

Vanquished Creatures
  A giant frog skeleton (D:4)
  2 orc wizards (D:4)
  Ijyb (D:2)
  Natasha (D:3)
  A hound skeleton (D:4)
  4 adders
  A gnoll (D:1)
  A worm (D:3)
  2 dart slugs
  A giant gecko (D:1)
  2 orcs
  A ball python (D:1)
  11 bats
  4 giant cockroaches
  9 goblins
  5 hobgoblins
  2 jackals (D:2)
  8 kobolds
  2 quokkas
  5 giant newts
  9 rats
73 creatures vanquished.

Notes
Turn   | Place    | Note
--------------------------------------------------------------
     0 | D:1      | dearth the Hill Orc Fighter began the quest for the Orb.
     0 | D:1      | Reached XP level 1. HP: 19/19 MP: 1/1
    71 | D:1      | Reached skill level 3 in Axes
    97 | D:1      | Reached XP level 2. HP: 26/26 MP: 2/2
   263 | D:1      | Reached XP level 3. HP: 19/33 MP: 3/3
   804 | D:1      | You fall through a shaft!
   851 | D:2      | Found an ancient bone altar of Kikubaaqudgha.
  1599 | D:2      | Reached XP level 4. HP: 40/40 MP: 4/4
  1605 | D:2      | Reached skill level 4 in Axes
  1616 | D:2      | Found an iron altar of Okawaru.
  1618 | D:2      | Found a glowing golden altar of the Shining One.
  1620 | D:2      | Found a burning altar of Makhleb.
  1620 | D:2      | Found a shadowy altar of Dithmenos.
  1620 | D:2      | Found a bloodstained altar of Trog.
  1621 | D:2      | Found a blossoming altar of Fedhas.
  1626 | D:2      | Became a worshipper of Warmaster Okawaru
  1748 | D:2      | Noticed Ijyb
  1761 | D:2      | Killed Ijyb
  1997 | D:3      | Reached XP level 5. HP: 46/46 MP: 5/5
  2073 | D:3      | Noticed Natasha
  2077 | D:3      | Killed Natasha
  2379 | D:3      | Found a sparkling altar of Nemelex Xobeh.
  2544 | D:4      | Found Hitaewon's Antique Weapon Shop.
  2724 | D:4      | Reached skill level 5 in Axes
  2724 | D:4      | Reached XP level 6. HP: 38/53 MP: 6/6
  2728 | D:4      | Reached skill level 1 in Invocations
  2789 | D:4      | Slain by an ogre

Skill      XL: |  1  2  3  4  5  6 |
---------------+-------------------+-----
Axes           | 3 4 5 |  5.4
Shields        | 4 |  4.4
Fighting       | 4 |  4.8
Armour         | 4 |  4.3
Invocations    | 1 |  1.0
Evocations     | |  0.4

Action                   |  1- 3 |  4- 6 || total
-------------------------+-------+-------++-------
Melee: War axe           |   138 |   132 ||   270
 Abil: Evoke Flight      |     1 |       ||     1
  Use: Scroll            |       |     5 ||     5
  Eat: Chunk             |     2 |     4 ||     6
Armor: Scale mail        |    95 |    75 ||   170
Dodge: Dodged            |    48 |    28 ||    76
Block: Shield            |    82 |    73 ||   155
